 Dungeon Crawl Stone Soup version 0.29-a0-356-g7bc237e783 (webtiles) character file.

Game seed: 18112764344495223954

39 rabbitsville the Skirmisher (level 3, 0/30 HPs)
             Began as a Formicid Chaos Knight on Apr 25, 2022.
             Was a Plaything of Xom.
             Slain by a goblin
             ... wielding a +0 club
             ... led by Robin
              (4 damage)
             ... on level 2 of the Dungeon.
             The game lasted 00:05:02 (1296 turns).

rabbitsville the Skirmisher (Formicid Chaos Knight) Turns: 1296, Time: 00:05:02

Health: 0/30       AC:  5    Str: 18      XL:     3   Next: 70%
Magic:  3/3        EV: 11    Int: 10 (11) God:    Xom [...*..]
Gold:   72         SH:  0    Dex: 10      Spells: 2/2 levels left

rFire   . . .      SeeInvis +   a - +0 mace (chaos)
rCold   + . .      Faith    .   (no shield)
rNeg    . . .      Spirit   .   b - +2 leather armour
rPois   .          Reflect  .   (helmet unavailable)
rElec   +          Harm     .   (no cloak)
rCorr   .          Rampage  .   (no gloves)
Will    .....                   (no boots)
Stlth   +.........              (no amulet)
HPRegen 0.10/turn               d - ring of protection from cold
MPRegen 0.08/turn               (no ring)

@: no status effects
A: permanent stasis, dig shafts and tunnels, antennae 3, four strong arms,
deterioration 1, electricity resistance
a: Dig, Shaft Self, Renounce Religion


You were on level 2 of the Dungeon.
You worshipped Xom.
You were a favourite toy of Xom.
You visited 1 branch of the dungeon, and saw 2 of its levels.

You collected 72 gold pieces.

Inventory:

Hand Weapons
 a - a +0 mace of chaos (weapon)
Armour
 b - a +2 leather armour (worn)
Jewellery
 d - a ring of protection from cold (left hand)
Miscellaneous
 c - a piece from Xom's chessboard (15/15) (quivered)


   Skills:
 * Level 4.0 Fighting
 * Level 3.6 Maces & Flails
 - Level 2.1 Armour
 - Level 0.8 Dodging
 + Level 1.3 Shields


You had 2 spell levels left.
You didn't know any spells.
Your spell library was empty.

Dungeon Overview and Level Annotations

Branches:
Dungeon (2/15)

Altars:

Annotations:
D:2 Robin


Innate Abilities, Weirdness & Mutations

You cannot be hasted, slowed, berserked, paralysed or teleported.
You can dig through walls and to a lower floor.
You have a pair of large antennae on your head. (SInv)
Your four strong arms can wield two-handed weapons with a shield.
Your body sometimes deteriorates upon taking damage.
You are resistant to electric shocks. (rElec)


Message History

You barely miss the goblin.
The goblin is heavily wounded.
The goblin misses you. The goblin closely misses you.
The goblin hits you but does no damage.
You hit the goblin. You freeze the goblin.
You kill the goblin!
The goblin hits you with a +0 club. The goblin hits you but does no damage.
You closely miss the goblin. You punch the goblin.
The goblin is severely wounded.
The goblin hits you but does no damage. The goblin hits you with a +0 club.
Robin roars a battlecry!
The goblins go into a battle-frenzy!
The goblin hits you with a +0 club. The goblin barely misses you. x2
The goblin hits you but does no damage.
You closely miss the goblin.
The goblin is severely wounded.
The goblin hits you but does no damage. x2; The goblin misses you.
You hit the goblin. You burn the goblin.
You kill the goblin!
The goblin hits you with a +0 club. x2
* * * LOW HITPOINT WARNING * * *
Your body deteriorates!
You feel dopey.
As you read the scroll labelled GOTAQEA NUXT, it crumbles to dust.
You feel aware of your surroundings.
You sensed 1 altar.
It was a scroll of magic mapping.
The goblin completely misses you. The goblin hits you with a +0 club.
* * * LOW HITPOINT WARNING * * *
The goblin hits you but does no damage.
It was a potion of mutation.
You feel extremely strange.
You feel healthier.
You feel yourself wasting away.
You feel insulated.
Xom roars with laughter!
The goblin hits you with a +0 club.
* * * LOW HITPOINT WARNING * * *
The goblin barely misses you. The goblin hits you but does no damage.
It was a potion of haste.
Your stasis prevents you from being hasted.
The goblin barely misses you. The goblin hits you with a +0 club.
* * * LOW HITPOINT WARNING * * *
The goblin hits you with a +0 club.
You die...

,,,* *,,,,,,,,,,,,,,,,,*,**,,,,,,
,,,* *,****#....**.......,,,,****
,,,***,*<,,#.#.#**.......,,,,****
,,,,,,,,,,,,...# *.......,,,,*,,,
,,,,,,,,**###..# *......(,,,,*,,,
,,,,,,,,,,,....# *.......,,,,*,,,
,,,,,,,,****#..# *.......,,,,**,,
****+*,,*#####.###g......,,,,**,,
,,,,,*,,*#.....g@gg......,,,,**,,
,***,*,**#.####g##g......,,,,**,,
,* *,*,* #.#..gr{{.......******,,
,***,*,* #.#.##g.#.####..,,,,,*,,
,,,,,+,* #.....#.#.# *,.,,,,,,,,
+******* ##....#.#.# *{,,,,,,*,,
,* #....#.#.# *,,,,,,,*** **
#####....#...# **,****** *
#.........#,,* *,*


You could see a hobgoblin (strong), 7 goblins and a rat.

Vanquished Creatures
  A dart slug (D:1)
  6 bats (D:1)
  An endoplasm (D:2)
  2 giant cockroaches (D:1)
  7 hobgoblins
  3 kobolds
  A frilled lizard (D:1)
  6 goblins
  8 rats (D:1)
35 creatures vanquished.

Vanquished Creatures (others)
  Natasha (D:2)
1 creature vanquished.

Grand Total: 36 creatures vanquished

Notes
Turn   | Place    | Note
-------+----------+-------------------------------------------
     0 | D:1      | rabbitsville the Formicid Chaos Knight began the quest for
                  | the Orb.
     0 | D:1      | Reached XP level 1. HP: 18/18 MP: 1/1
    62 | D:1      | Reached XP level 2. HP: 24/24 MP: 2/2
   120 | D:1      | XOM: noise
   133 | D:1      | XOM: cloud trail
   167 | D:1      | Reached skill level 1 in Shields
   203 | D:1      | XOM: noise
   216 | D:1      | Reached XP level 3. HP: 22/30 MP: 3/3
   537 | D:1      | XOM: god gift: 20 stones
   724 | D:1      | Found a faded altar of an unknown god.
   850 | D:1      | XOM: give mutation
   850 | D:1      | Gained mutation: Your body sometimes deteriorates upon
                  | taking damage. [Xom's mischief]
  1164 | D:2      | Noticed Natasha
  1167 | D:2      | Killed Natasha
  1167 | D:2      | XOM: divine lightning
  1284 | D:2      | Identified the +0 helmet of Optimism {rC+ Slay+2 SInv}
  1284 | D:2      | Noticed Robin
  1285 | D:2      | Reached skill level 4 in Fighting
  1295 | D:2      | Lost mutation: Your body sometimes deteriorates upon taking
                  | damage. [potion of mutation]
  1295 | D:2      | Gained mutation: Your body sometimes deteriorates upon
                  | taking damage. [potion of mutation]
  1295 | D:2      | Gained mutation: You are resistant to electric shocks.
                  | (rElec) [potion of mutation]
  1296 | D:2      | Slain by a goblin

Illustrated notes

Levels and vault maps discovered:
D:1:      elethiomel_arrival_diamonds, layout_basic,
          shapermc_ecumenical_altar_ellora
D:2:      layout_basic, basic_altar, minmay_misc_feat_encased, uniq_natasha,
          uniq_sigmund, uniq_robin

Skill      XL: |  1  2  3 |
---------------+----------+-----
Shields        | 1 |  1.3
Fighting       | 4 |  4.0
Maces & Flails | |  3.6
Armour         | |  2.1
Dodging        | |  0.8

Action                   || total
-------------------------++-------
Melee: Mace              ||    99
       Punch             ||     2
  Use: Potion            ||     2
       Scroll            ||     1
 Stab: Paralysed         ||     2
Armor: Leather armour    ||    50
Dodge: Dodged            ||    74

Table legend: (Time is in decaauts)
 A = Elapsed time spent in this place.
 B = Non-inter-level travel time spent in this place.
 C = Inter-level travel time spent in this place.
 D = Time resting spent in this place.
 E = Time spent auto-exploring this place.
 F = Levels seen in this place.
 G = Mean time per level.
                   A        B        C        D        E       F      G
               +--------+--------+--------+--------+--------+-----+--------+
         Total |   1318 |   1282 |     36 |      0 |    931 |   2 |  659.0 |
       Dungeon |   1318 |   1282 |     36 |      0 |    931 |   2 |  659.0 |
               +--------+--------+--------+--------+--------+-----+--------+

Top non-repeatable levels by time:
     D:1: 1160 daAuts
     D:2: 158 daAuts
